 Dungeon Crawl Stone Soup version 0.21-a0-630-g344d351 (webtiles) character file.

186 slep the Slasher (level 5, -1/45 HPs)
             Began as a Hill Orc Gladiator on Dec 25, 2017.
             Slain by Terence
             ... wielding a +0 trident
              (2 damage)
             ... on level 2 of the Dungeon.
             The game lasted 00:04:38 (881 turns).

slep the Slasher (Hill Orc Gladiator)                Turns: 881, Time: 00:04:39

Health: -1/45      AC:  5    Str: 17    XL:     5   Next: 66%
Magic:  5/5        EV: 13    Int:  8    God:
Gold:   98         SH:  0    Dex: 13    Spells: 4/4 levels left

rFire    . . .     SeeInvis .   a - +0 long sword
rCold    . . .     Gourm    .   (no shield)
rNeg     . . .     Faith    .   b - +0 leather armour
rPois    .         Spirit   .   c - +0 helmet
rElec    .         Reflect  .   (no cloak)
rCorr    .         Harm     .   g - +0 pair of gloves (curse)
MR       .....                  (no boots)
Stlth    +.........             (no amulet)
HPRegen  0.15/turn              (no ring)
MPRegen  0.09/turn              (no ring)

@: no status effects
A: no striking features
a: no special abilities


You were on level 2 of the Dungeon.
You were not hungry.

You visited 1 branch of the dungeon, and saw 2 of its levels.

You collected 98 gold pieces.

Inventory:

Hand Weapons
 a - a +0 long sword (weapon)
Missiles
 d - 3 throwing nets (quivered)
Armour
 b - a +0 leather armour (worn)
 c - a +0 helmet (worn)
 g - a cursed +0 pair of gloves (worn)
Scrolls
 k - 2 scrolls of noise {unknown}
 l - a scroll of identify {unknown}
Potions
 e - a potion of might
 h - a potion of brilliance {unknown}
 i - a potion of curing {unknown}
 j - 2 potions of heal wounds {unknown}
Comestibles
 f - 2 rations
 m - 3 chunks of flesh


   Skills:
 + Level 3.2 Fighting
 + Level 5.2 Long Blades
 + Level 2.1 Throwing
 + Level 1.8 Armour
 + Level 3.2 Dodging


You had 4 spell levels left.
You didn't know any spells.

Dungeon Overview and Level Annotations

Branches:
Dungeon (2/15)

Altars:

Annotations:
D:2 Terence


Message History

Terence closely misses you.
You closely miss Terence.
Terence is lightly wounded.
Terence barely misses you.
You riposte.
You hit Terence.
Terence is moderately wounded.
Terence hits you but does no damage. Terence barely misses you.
The bat barely misses you. Terence closely misses you. The bat misses you.
You see here a scroll labeled ROAZXI WORAYBROH.
Terence hits you from afar with a trident.
* * * LOW HITPOINT WARNING * * *
Terence hits you from afar with a trident.
* * * LOW HITPOINT WARNING * * *
The bat barely misses you.
You riposte.
You slash the bat!
You kill the bat!
Terence hits you from afar with a trident.
* * * LOW HITPOINT WARNING * * *
Terence hits you from afar with a trident.
You die...

####.## #.#
####.# #.#
.....# #.#
###### #.#
#.# ##.#
###### #..#
...... #.##
###### #. #@#
#. ###.# #.
#..@#
#####.##.†.##
#...#.......#
#.8...8...8.#
...#..?#..$#
##.###(##
...#...#?..#


You could see Terence.

Vanquished Creatures
  Sigmund (D:2)
  A worm (D:2)
  A leopard gecko (D:1)
  4 bats
  4 giant cockroaches (D:1)
  3 goblins
  5 hobgoblins (D:1)
  2 jackals (D:1)
  2 frilled lizards (D:2)
  4 kobolds
  8 rats
35 creatures vanquished.

Notes
Turn   | Place    | Note
-------+----------+-------------------------------------------
     0 | D:1      | slep the Hill Orc Gladiator began the quest for the Orb.
     0 | D:1      | Reached XP level 1. HP: 18/18 MP: 1/1
    93 | D:1      | Reached XP level 2. HP: 19/25 MP: 2/2
   297 | D:1      | Reached XP level 3. HP: 15/30 MP: 3/3
   359 | D:1      | Reached skill level 4 in Long Blades
   594 | D:2      | Noticed Sigmund
   605 | D:2      | Killed Sigmund
   605 | D:2      | Reached skill level 5 in Long Blades
   605 | D:2      | Reached skill level 1 in Armour
   605 | D:2      | Reached XP level 4. HP: 30/38 MP: 4/4
   605 | D:2      | Reached XP level 5. HP: 35/45 MP: 5/5
   858 | D:2      | Noticed Terence
   879 | D:2      | HP: 1/45 [Terence/trident (6)]
   881 | D:2      | Slain by Terence

Vault maps used:
D:1:      saegor_arrival_simple_a
D:2:      lemuel_round_altar, minmay_misc_feat_four_crosses, uniq_terence,
          uniq_sigmund, uniq_jessica

Skill      XL: |  1  2  3 |
---------------+----------+-----
Throwing       | 2 |  2.1
Long Blades    | 5 |  5.2
Fighting       | 3 |  3.2
Armour         | 1 |  1.8
Dodging        | 3 |  3.2

Action                   |  1- 3 |  4- 6 || total
-------------------------+-------+-------++-------
Melee: Long sword        |    71 |    22 ||    93
  Use: Potion            |     1 |       ||     1
Armor: Leather armour    |    35 |     5 ||    40
Dodge: Dodged            |    67 |    21 ||    88
       Rpst.: Long sword |    19 |     6 ||    25

Table legend:
 A = Spawn XP
 B = Non-spawn XP
 C = Spawn XP percentage of total XP
 D = Spawn monster count
 E = Non-spawn monster count
 F = Spawn count percentage of total count
 G = Total turns spent on level
                    A         B        C        D         E        F      G
               +---------+---------+-------+---------+---------+-------+---------
         Total |       0 |     267 |   0.0 |       0 |      35 |   0.0 |   881
               +---------+---------+-------+---------+---------+-------+---------
           D:1 |       0 |      44 |   0.0 |       0 |      26 |   0.0 |   580
           D:2 |       0 |     223 |   0.0 |       0 |       9 |   0.0 |   301
               +---------+---------+-------+---------+---------+-------+---------
